 Dungeon Crawl Stone Soup version 0.29.1-1-gd02db6906a (webtiles) character file.

Game seed: 15385882117485192465

236 EvilAshe the Grave Robber (level 6, -5/41 HPs)
             Began as a Human Necromancer on Sept 26, 2022.
             Was an Initiate of Dithmenos.
             Killed from afar by Maggie (26 damage)
             ... with a bolt of fire
             ... on level 6 of the Dungeon.
             The game lasted 00:07:53 (3440 turns).

EvilAshe the Grave Robber (Human Necromancer)       Turns: 3440, Time: 00:07:53

Health: -5/41      AC:  5    Str:  8    XL:     6   Next: 27%
Magic:  6/11       EV: 12    Int: 18    God:    Dithmenos [......]
Gold:   90         SH:  0    Dex: 13    Spells: 4/12 levels left

rFire   . . .      SeeInvis .   (no weapon)
rCold   . . .      Faith    .   (no shield)
rNeg    . . .      Spirit   .   a - +0 robe
rPois   .          Reflect  .   (no helmet)
rElec   .          Harm     .   u - +0 cloak
rCorr   .          Rampage  .   m - +0 pair of gloves
Will    .....                   c - +0 pair of boots
Stlth   ++........              (no amulet)
HPRegen 0.13/turn               (no ring)
MPRegen 0.12/turn               (no ring)

@: no status effects
A: no striking features
a: Renounce Religion


You were on level 6 of the Dungeon.
You worshipped Dithmenos.
Dithmenos was noncommittal.
You visited 1 branch of the dungeon, and saw 6 of its levels.

You collected 90 gold pieces.

Inventory:

Missiles
 k - 10 poisoned darts
Armour
 a - a +0 robe (worn)
 c - a +0 pair of boots (worn)
 m - a +0 pair of gloves (worn)
 u - a +0 cloak (worn)
Jewellery
 t - a ring of resist corrosion
Scrolls
 d - a scroll of teleportation
 e - a scroll of amnesia
 f - a scroll of identify
 n - a scroll of enchant weapon {unknown}
 o - a scroll of blinking {unknown}
 r - a scroll of silence {unknown}
 s - a scroll of torment {unknown}
 x - a scroll of fear {unknown}
Potions
 b - a potion of magic
 g - 2 potions of brilliance
 j - a potion of might {unknown}
 l - 2 potions of berserk rage {unknown}
 p - 2 potions of haste {unknown}
 q - 2 potions of curing {unknown}
 v - a potion of flight {unknown}
 w - a potion of ambrosia {unknown}


   Skills:
 - Level 2.0 Dodging
 - Level 2.0 Stealth
 + Level 3.5 Spellcasting
 * Level 6.3 Necromancy


You had 4 spell levels left.
You knew the following spells:

 Your Spells              Type           Power      Damage    Failure   Level
a - Necrotise             Necr           100%       1d9       1%          1
b - Animate Dead          Necr           25%        N/A       12%         4
c - Vampiric Draining     Necr           25%        2d7       3%          3

Your spell library contained the following spells:

 Spells                   Type           Power      Damage    Failure   Level
 Agony                    Necr           25%        N/A       32%         5


Dungeon Overview and Level Annotations

Branches:
Dungeon (7/15)
 Temple: D:4-7

Altars:
Dithmenos

Shops:
D:1 [

Annotations:
D:4 Dowan, Duvessa, Ijyb
D:6 Maggie


Message History

Aiming: Necrotise (safe; 1% risk of failure)
Press: ? - help, Shift-Dir - straight line, f - Maggie
Aim: Maggie, wielding a +0 scimitar and wearing +0 steam dragon scales (chance to affect: 83%) Maggie writhes in agony.
An orc comes into view.
It is wielding a +0 flail and carrying a wand of paralysis (9).
Maggie hits you with a +0 scimitar. Maggie attacks as you move away!
Maggie closely misses you.
Maggie gestures wildly while chanting.
Maggie attempts to bespell you!
You are mesmerised by Maggie!
You break out of your daze!
Casting: Necrotise (safe; 1% risk of failure)
Confirm with . or Enter, or press ? or * to list all spells.
Aiming: Necrotise (safe; 1% risk of failure)
Press: ? - help, Shift-Dir - straight line, f/p - Maggie
Aim: Maggie, wielding a +0 scimitar and wearing +0 steam dragon scales (lightly wounded, chance to affect: 83%) Maggie writhes in agony.
You hit Maggie but do no damage. Your punch misses Maggie.
Maggie is lightly wounded.
Maggie mumbles some strange words.
Maggie attempts to bespell you! You resist.
Casting: Necrotise (safe; 1% risk of failure)
Confirm with . or Enter, or press ? or * to list all spells.
Aiming: Necrotise (safe; 1% risk of failure)
Press: ? - help, Shift-Dir - straight line, f/p - Maggie
Aim: Maggie, wielding a +0 scimitar and wearing +0 steam dragon scales (lightly wounded, chance to affect: 83%) Maggie writhes in agony.
Maggie gestures at you while chanting. The bolt of fire hits you!!
Ouch! That really hurt!
Casting: Necrotise (safe; 1% risk of failure)
Confirm with . or Enter, or press ? or * to list all spells.
Aiming: Vampiric Draining (dangerous; 3% risk of failure)
Press: ? - help, Shift-Dir - straight line, f/p - Maggie
Aim: Maggie, wielding a +0 scimitar and wearing +0 steam dragon scales (lightly wounded)
You draw life force from Maggie!
You feel life coursing into your body. Maggie casts a spell at you.
The bolt of fire hits you!!
Ouch! That really hurt!
You die...

##.....##############
#.>..........
#...######.######
#...'....#.##...
#...####.#..#.###########
###.#....##...#..........
#.#............########
#.##.######.#.## .....
#.#@# ####. #.#@### #
#.#o..# ..###.'...... ###
###!..... ...... ..:..
....# ...#


You could see Maggie and an orc.

Vanquished Creatures
  3 jellies
  Jessica (D:3)
  An orc wizard (D:3)
  5 dart slugs
  8 orcs
  6 ball pythons
  7 bats
  7 endoplasms
  3 giant cockroaches
  A goblin (D:1)
  6 hobgoblins
  3 jackals (D:1)
  3 kobolds
  A quokka (D:2)
  3 frilled lizards
  3 rats
61 creatures vanquished.

Vanquished Creatures (collateral kills)
  A bat (D:1)
  A goblin (D:3)
  A jackal (D:1)
  A frilled lizard (D:1)
  A rat (D:2)
5 creatures vanquished.

Grand Total: 66 creatures vanquished

Notes
Turn   | Place    | Note
-------+----------+-------------------------------------------
     0 | D:1      | EvilAshe the Human Necromancer began the quest for the Orb.
     0 | D:1      | Reached XP level 1. HP: 13/13 MP: 3/3
   206 | D:1      | Reached XP level 2. HP: 19/19 MP: 1/5
   326 | D:1      | Found a faded altar of an unknown god.
   485 | D:1      | Reached XP level 3. HP: 6/24 MP: 0/6
   709 | D:1      | Learned a level 3 spell: Vampiric Draining
  1221 | D:1      | Found Laech's Armour Shop.
  2074 | D:3      | Reached skill level 5 in Necromancy
  2074 | D:3      | Reached XP level 4. HP: 24/30 MP: 0/8
  2303 | D:3      | Noticed Jessica
  2321 | D:3      | Killed Jessica
  2322 | D:3      | Reached XP level 5. HP: 35/35 MP: 3/9
  2765 | D:3      | Identified the +9 flail of Itil {vorpal, Drain Will+ SInv}
  2771 | D:3      | Found a shadowy altar of Dithmenos.
  3028 | D:3      | Became a worshipper of Dithmenos the Shadowed
  3045 | D:3      | Learned a level 4 spell: Animate Dead
  3145 | D:4      | Reached skill level 6 in Necromancy
  3145 | D:4      | Reached XP level 6. HP: 29/41 MP: 3/11
  3239 | D:4      | Noticed Ijyb
  3239 | D:4      | Noticed an ogre
  3253 | D:4      | Noticed Duvessa
  3253 | D:4      | Noticed Dowan
  3326 | D:4      | You fall into a shaft and drop 3 floors!
  3432 | D:6      | Noticed Maggie
  3440 | D:6      | Killed from afar by Maggie

Illustrated notes

Levels and vault maps discovered:
D:1:      denvon_arrival_planthouse, layout_loops_ring, serial_shops,
          nicolae_shop_trees, hellmonk_ecumenical_altar_arch_garden
D:2:      layout_rooms, mrwooster_statue_mirror, hangedman_decor_peaks_small,
          bh_walls_and_bars
D:3:      layout_basic, nicolae_dithmenos_through_a_glass_darkly,
          minmay_unequal, uniq_jessica
D:4:      layout_cave_pools, gup_sewer_entry_spiral, uniq_duvessa, uniq_ijyb
D:6:      layout_basic, gammafunk_temple_overflow_statue,
          nicolae_concentric_dashed_squares_mild, hex_tiny, uniq_maggie
D:7:      minmay_evil_eye, layout_loops_ring, nzn_random_ring

Skill      XL: |  1  2  3  4  5 |
---------------+----------------+-----
Necromancy     | 5 6 |  6.3
Spellcasting   | 3 |  3.5
Dodging        | |  2.0
Stealth        | |  2.0

Action                   |  1- 3 |  4- 6 || total
-------------------------+-------+-------++-------
Melee: Unarmed           |    30 |     3 ||    33
 Cast: Necrotise         |    65 |    59 ||   124
       Vampiric Draining |       |     1 ||     1
  Use: Scroll            |       |     5 ||     5
Armor: Robe              |    13 |     5 ||    18
Dodge: Dodged            |    39 |    17 ||    56
